[Event "2nd Kalyan Dombivali 2019"]
[Site "Kalyan"]
[Date "2019.02.02"]
[Round "8"]
[White "Satkar, Chirag"]
[Black "Kamble Dipankar"]
[Result "*"]
[ECO "A52"]
[WhiteElo "2071"]
[BlackElo "1487"]
[Annotator "NA RC"]
[PlyCount "67"]
[EventDate "2019.01.28"]
[EventType "swiss"]
[EventRounds "10"]
[EventCountry "IND"]
[SourceTitle "playchess.com"]
[Source "ChessBase"]
[SourceQuality "1"]
[TimeControl "5400+30"]

1. d4 Nf6 2. c4 e5 3. dxe5 Ng4 4. Nf3 Bc5 5. e3 Nc6 6. Nc3 (6. Be2 O-O 7. O-O Ngxe5 8. Nc3 Nxf3+ 9. Bxf3 Ne5 10. Be2 {1-0 (55) Giri,A (2782)-Mamedyarov,S (2801) chess.com INT 2018}) 6... O-O 7. Be2 Re8 $146 ({Predecessor:} 7... Ngxe5 8. Nxe5 Nxe5 {0-1 (29) Colom Andres,X (1941)-Barbero Sendic,A (2343) Barcelona 2012}) 8. O-O Ngxe5 {[%emt 0:00:05] LiveBook: 80 Games} 9. Nxe5 Nxe5 10. b3 a5 11. Na4 Bf8 {[%emt 0:03:44] A52: Budapest Gambit} 12. f4 (12. Bb2 d6 13. Nc3 c6 14. Qd2 Qh4 15. f4 Ng4 16. Bxg4 Bxg4 17. e4 a4 18. Rae1 axb3 19. axb3 {1-0 (55) Giri,A (2782)-Mamedyarov,S (2801) chess.com INT 2018}) 12... Nc6 13. a3 d6 14. Qc2 ({White should try} 14. Bf3 $14) ({Predecessor:} 14. Qd3 Qf6 15. Nc3 Bf5 16. Nd5 Qxa1 17. Qxf5 Ne7 18. Qc2 Nxd5 19. cxd5 {0-1 (29) Colom Andres,X (1941)-Barbero Sendic,A (2343) Barcelona 2012}) 14... g6 15. Bd3 Bg7 16. Nc3 f5 17. Bd2 Be6 18. Rad1 Qd7 19. Bc1 Ne7 20. Be2 Kh8 21. Bf3 c6 22. Na4 Qc7 23. Bb2 Ng8 24. Bd4 Nf6 25. Rd3 Qf7 26. Rfd1 d5 27. Bxf6 Bxf6 (27... Qxf6 $14 28. cxd5 Bxd5) 28. cxd5 Bxd5 29. Bxd5 cxd5 30. Nb6 {[%emt 0:00:07] Double Attack} Ra6 31. Nxd5 Rae6 (31... Rc6 $16 32. Qd2 b6) 32. Qc7 Qf8 33. Qxa5 Bd8 34. Qc3+ $18 *

[Event "2nd Kalyan Dombivali 2019"]
[Site "Kalyan"]
[Date "2019.02.02"]
[Round "8"]
[White "Kadam Om Manish"]
[Black "Subramanian, R M"]
[Result "1/2-1/2"]
[ECO "C44"]
[WhiteElo "1944"]
[BlackElo "1780"]
[Annotator "NA RC"]
[PlyCount "80"]
[EventDate "2019.01.28"]
[EventType "swiss"]
[EventRounds "10"]
[EventCountry "IND"]
[SourceTitle "playchess.com"]
[Source "ChessBase"]
[SourceQuality "1"]
[TimeControl "5400+30"]

1. e4 e5 2. Nf3 Nc6 3. g3 Bc5 4. Bg2 d6 5. c3 f5 6. exf5 Bxf5 7. Qe2 (7. d4 $14 Bb6 8. O-O) 7... Nge7 8. Nh4 O-O 9. Nxf5 Nxf5 10. O-O a5 11. d3 Qf6 12. Nd2 Qg6 13. Nc4 Rae8 14. Ne3 (14. Be3 $5) 14... Nd8 15. Be4 Bxe3 $1 16. fxe3 Qe6 17. c4 c6 18. Bd2 b6 19. Qg2 Ne7 20. b3 d5 21. cxd5 cxd5 22. Bf3 Nf7 23. Bh5 Rc8 24. Qe2 Rc2 25. Qd1 Qc6 26. Rc1 Rxc1 27. Qxc1 Qd6 28. Rxf7 Rxf7 29. Bxf7+ Kxf7 30. a3 Nc6 31. b4 axb4 32. axb4 b5 ({Don't go for} 32... Nxb4 $2 33. Qa3 $18) 33. Qa1 Qg6 34. Qc3 Qg4 35. Qc1 Qe2 36. Qxc6 Qd1+ 37. Kf2 Qxd2+ {[%emt 0:00:06] Double Attack} 38. Kf3 Qd1+ 39. Kf2 Qd2+ 40. Kf3 $11 Qd1+ {[%emt 0:01:40] Ke4} 1/2-1/2

[Event "2nd Kalyan Dombivali 2019"]
[Site "Kalyan"]
[Date "2019.02.02"]
[Round "8"]
[White "Chhabra Aakash"]
[Black "Ahmed, Feroz"]
[Result "0-1"]
[ECO "A43"]
[WhiteElo "1619"]
[BlackElo "1919"]
[Annotator "NA RC"]
[PlyCount "94"]
[EventDate "2019.01.28"]
[EventType "swiss"]
[EventRounds "10"]
[EventCountry "IND"]
[SourceTitle "playchess.com"]
[Source "ChessBase"]
[SourceQuality "1"]
[TimeControl "5400+30"]

1. d4 c5 2. e3 Nf6 3. Nf3 g6 4. c4 Bg7 5. Nc3 O-O 6. Be2 d6 7. O-O Na6 8. b3 Qa5 (8... e5 $11 {remains equal.}) 9. Bb2 Bd7 10. Rc1 Nc7 11. Bd3 a6 12. dxc5 dxc5 13. Qe2 b5 14. Ne4 b4 15. Nxf6+ exf6 16. Bb1 Bc6 17. Rfd1 Ne6 18. Rd6 Qc7 19. Rcd1 Rfe8 20. R1d2 (20. R6d2 $142) 20... Bf8 21. R6d3 {[%emt 0:03:53] [#]} (21. R6d5 $17) 21... Nf4 $1 {[%emt 0:01:07] Double Attack, Pin, Trapped Piece} 22. exf4 Rxe2 23. Rxe2 Qxf4 24. Ne1 Bg7 25. g3 Qc7 26. Ng2 Bxg2 27. Kxg2 h5 28. Rde3 (28. Bc1 $142) 28... Ra7 29. Re8+ Kh7 30. Bc1 {[%emt 0:01:50] [#]} f5 $1 31. Bf4 Qc6+ 32. f3 Bf6 33. h3 Kg7 34. h4 a5 35. Bc2 Qd7 36. Be3 Kh7 ({Less strong is} 36... Qxe8 {[#]} 37. Bh6+ $1 {[%mdl 576] Discovered Attack} Kxh6 38. Rxe8 $17) 37. Bxc5 Ra6 38. Bf2 Re6 39. R8xe6 fxe6 40. Be3 Bc3 41. Bf2 Qc6 42. Bd3 Qd6 43. Bc2 Kg7 44. Kf1 Kf6 45. Kg2 e5 46. Kf1 {[%emt 0:01:18] [#]} (46. Be3 $142) 46... a4 $1 47. bxa4 $19 (47. Kg2 axb3 48. axb3) 47... Qc6 {[%emt 0:00:20] Double Attack} 0-1

[Event "2nd Kalyan Dombivali 2019"]
[Site "Kalyan"]
[Date "2019.02.02"]
[Round "8"]
[White "Akshit Jha"]
[Black "Rajveer Pinkesh Nahar"]
[Result "1-0"]
[ECO "C50"]
[WhiteElo "1604"]
[BlackElo "1389"]
[Annotator "NA RC"]
[PlyCount "55"]
[EventDate "2019.01.28"]
[EventType "swiss"]
[EventRounds "10"]
[EventCountry "IND"]
[SourceTitle "playchess.com"]
[Source "ChessBase"]
[SourceQuality "1"]
[TimeControl "5400+30"]

1. e4 e5 2. Nf3 Nc6 3. Bc4 Nf6 4. d3 Bc5 5. c3 d6 6. Bb3 a6 7. h3 Ba7 8. Nbd2 O-O 9. Nf1 d5 10. Qe2 Be6 11. Bg5 dxe4 12. dxe4 Bxb3 13. axb3 Qe7 14. Ng3 Qe6 15. b4 h6 16. Be3 Bxe3 17. fxe3 Rfe8 18. Nh4 a5 19. b5 Nd8 20. O-O b6 21. Nhf5 Nb7 22. Rf2 Nc5 23. Raf1 Ncxe4 24. Nxe4 Nxe4 25. Qg4 g6 26. Nxh6+ Kh7 27. Rxf7+ Kxh6 28. Qh4# 1-0

[Event "2nd Kalyan Dombivali 2019"]
[Site "Kalyan"]
[Date "2019.02.02"]
[Round "8"]
[White "Govind Prabhu Mah"]
[Black "Arvind, Ramnath Iyer"]
[Result "1/2-1/2"]
[ECO "C53"]
[WhiteElo "1601"]
[BlackElo "1567"]
[Annotator "NA RC"]
[PlyCount "167"]
[EventDate "2019.01.28"]
[EventType "swiss"]
[EventRounds "10"]
[EventCountry "IND"]
[SourceTitle "playchess.com"]
[Source "ChessBase"]
[SourceQuality "1"]
[TimeControl "5400+30"]

1. e4 e5 2. Nf3 Nc6 3. Bc4 Bc5 4. c3 d6 5. d3 h6 6. Nbd2 Nf6 7. Qe2 O-O 8. h3 Be6 9. Bb3 Bxb3 10. axb3 Qd7 11. b4 Bb6 12. Nc4 Rfe8 13. O-O Rad8 14. Re1 d5 15. b5 dxc4 16. bxc6 Qxd3 17. Qxd3 cxd3 18. cxb7 Rb8 19. Ra4 Nd7 20. b4 c6 21. c4 c5 22. b5 Rxb7 23. Ra3 Re7 24. Rxd3 Ba5 25. Re2 Nb6 26. Rc2 f6 27. Ba3 Rbc7 28. g4 Kf7 29. Kf1 Nd7 30. Rd5 Bb6 31. Bc1 g5 32. Be3 Nf8 33. Nd2 Ne6 34. Nb3 Nd4 35. Bxd4 exd4 36. f3 Re5 37. Rxe5 fxe5 38. Nc1 Ba5 39. Nd3 Kf6 40. Ra2 Bb6 41. Ra6 Ke6 42. Kg2 Kd6 43. Ra1 Rh7 44. h4 Bd8 45. hxg5 hxg5 46. Nf2 Bb6 47. Nh1 Ke6 48. Ng3 Kf6 49. Nf5 Ke6 50. Rd1 Rh8 51. Ng3 Rh7 52. Nh1 Kf6 53. Nf2 Ke6 54. Ra1 Rh8 55. Ra6 Rh7 56. Nd3 Kd6 57. Nb2 Rb7 58. Kg3 Rb8 59. Na4 Rb7 60. Kf2 Kd7 61. Ke2 Kc8 62. Nb2 Rh7 63. Nd3 Rh2+ 64. Ke1 Rh1+ 65. Ke2 Rh2+ 66. Kd1 Rh1+ 67. Kc2 Rh2+ 68. Kb3 Rh3 69. Nxe5 Kb7 70. Kc2 Rh2+ 71. Kd3 Rf2 72. Ra1 Bc7 73. Nd7 Rxf3+ 74. Kd2 Bb6 75. Rh1 Rf4 76. Rh7 Kc8 77. Ne5 Rxe4 78. Rh8+ Kc7 79. Rh7+ Kb8 80. Rh8+ Kc7 81. Rh7+ Kb8 82. Rh8+ Kb7 83. Rh7+ Kc8 84. Rh8+ {[%emt 0:00:00] Kd8 Rh7 Kc8 Nf7 [%clk 0:06:21] Kd8} 1/2-1/2

[Event "2nd Kalyan Dombivali 2019"]
[Site "Kalyan"]
[Date "2019.02.02"]
[Round "8"]
[White "Pingale Shivraj"]
[Black "Bagwe Suneet"]
[Result "0-1"]
[ECO "B43"]
[WhiteElo "1580"]
[BlackElo "1305"]
[Annotator "NA RC"]
[PlyCount "54"]
[EventDate "2019.01.28"]
[EventType "swiss"]
[EventRounds "10"]
[EventCountry "IND"]
[SourceTitle "playchess.com"]
[Source "ChessBase"]
[SourceQuality "1"]
[TimeControl "5400+30"]

1. e4 c5 2. Nf3 e6 3. d4 cxd4 4. Nxd4 a6 5. Nc3 Qc7 6. Bd3 Nf6 7. O-O Bc5 8. Nb3 Be7 9. Be3 b5 10. f4 d6 11. e5 Nfd7 12. exd6 Bxd6 13. Be4 Nc6 14. Nd4 Nxd4 15. Bxa8 Nf5 16. Bd2 Bc5+ 17. Kh1 Nb6 18. Be4 O-O 19. Bxf5 exf5 20. Qf3 Bb7 21. Qg3 Nc4 22. Bc1 Re8 23. h3 Qc6 24. Nd1 Re6 25. Nf2 Rg6 26. Ng4 fxg4 27. f5 gxh3 0-1

[Event "2nd Kalyan Dombivali 2019"]
[Site "Kalyan"]
[Date "2019.02.02"]
[Round "8"]
[White "Sarode Om"]
[Black "Javheri, Jaydev"]
[Result "0-1"]
[ECO "B63"]
[WhiteElo "1427"]
[BlackElo "1675"]
[Annotator "NA RC"]
[PlyCount "106"]
[EventDate "2019.01.28"]
[EventType "swiss"]
[EventRounds "10"]
[EventCountry "IND"]
[SourceTitle "playchess.com"]
[Source "ChessBase"]
[SourceQuality "1"]
[TimeControl "5400+30"]

1. e4 c5 2. Nf3 d6 3. d4 cxd4 4. Nxd4 Nf6 5. Nc3 Nc6 6. Bg5 e6 7. Qd2 Be7 8. f3 h6 9. Be3 a6 10. Nxc6 bxc6 11. O-O-O Qa5 12. Bc4 d5 13. exd5 cxd5 14. Bb3 Bd7 15. Kb1 Qc7 16. Na4 a5 17. Nb6 Ra6 18. Nxd7 Nxd7 19. Qd3 Qb7 20. Ba4 Ra8 21. Qb5 Rb8 22. Qxb7 Rxb7 23. Bd4 O-O 24. Bc3 Nc5 25. Bc6 Rb6 26. Bxd5 exd5 27. Rxd5 Na4 28. Bd4 Rb7 29. Rxa5 Nxb2 30. Bxb2 Rfb8 31. Rd1 Rxb2+ 32. Kc1 Rb1+ 33. Kd2 Rd8+ 34. Ke2 Rbxd1 35. Ra8 R1d2+ 36. Ke1 Rxa8 37. Kxd2 Rxa2 38. Kd3 Ra3+ 39. Kd4 Bf6+ 40. Kd5 Rc3 41. Kd6 Rxc2 42. Kd7 Rxg2 43. f4 Rxh2 44. f5 Re2 45. Kc6 h5 46. Kd5 h4 47. Kc4 h3 48. Kd3 Re5 49. Kd2 h2 50. Kc2 h1=Q 51. Kb3 Qc6 52. Kb2 Rb5+ 53. Ka2 Qa6# 0-1

[Event "2nd Kalyan Dombivali 2019"]
[Site "Kalyan"]
[Date "2019.02.02"]
[Round "8"]
[White "Choudki Khushi"]
[Black "Saranya, Y."]
[Result "0-1"]
[ECO "B34"]
[WhiteElo "1383"]
[BlackElo "1977"]
[Annotator "NA RC"]
[PlyCount "106"]
[EventDate "2019.01.28"]
[EventType "swiss"]
[EventRounds "10"]
[EventCountry "IND"]
[SourceTitle "playchess.com"]
[Source "ChessBase"]
[SourceQuality "1"]
[TimeControl "5400+30"]

1. e4 c5 2. Nf3 Nc6 3. d4 cxd4 4. Nxd4 g6 (4... Nf6 5. Nc3 g6 6. Be3 {0-1 (23) Reviczki,R (1931)-Kelemen,D (2064) Zalakaros 2018}) 5. Nc3 Bg7 6. Be3 Nf6 7. f3 $146 ({Predecessor:} 7. Bc4 O-O {½-½ (41) Saatdjian,T-Ip,V (1760) France 2001}) 7... O-O 8. Bc4 Qb6 9. Bb3 Nxe4 10. Nxe4 (10. Nd5 $11 {remains equal.} Qa5+ 11. c3) 10... Bxd4 {[%emt 0:01:34] B35: Sicilian: Accelerated Dragon with 5 Nc3: main line} 11. Bxd4 Qxd4 (11... Nxd4 12. Qd3 Nxb3 13. axb3 Rd8 14. Ra4 d5 15. Rd4 Bf5 16. Rxd5 Rxd5 17. Qxd5 Rd8 18. Qc5 Qxc5 19. Nxc5 Bxc2 20. O-O b6 21. Na4 Rd1 22. Nc3 Rxf1+ 23. Kxf1 Bxb3 {0-1 (23) Reviczki,R (1931)-Kelemen,D (2064) Zalakaros 2018}) 12. Qxd4 Nxd4 13. O-O-O Nxb3+ 14. axb3 d6 15. Nc3 Be6 16. Nd5 Bxd5 17. Rxd5 Rfc8 ({Predecessor:} 17... Rac8 18. Re1 {½-½ (41) Saatdjian,T-Ip,V (1760) France 2001}) 18. Kd2 Rc6 19. Rd3 Rac8 20. Rc3 e5 21. Rxc6 Rxc6 22. c4 Kf8 23. Kd3 Ke7 24. Re1 Ke6 25. f4 f5 26. b4 h6 27. c5 (27. b5 $17 Rc7 28. b4) 27... e4+ 28. Kd4 b6 29. cxd6 Rxd6+ 30. Kc3 g5 31. g3 Rd3+ 32. Kc2 gxf4 33. gxf4 Rh3 34. Re2 Rh4 35. Rf2 Kd5 36. Rd2+ Kc4 37. b3+ Kxb4 38. Rd4+ Kc5 39. Rd7 Rxh2+ 40. Kc3 Rh3+ 41. Kc2 Rf3 42. Rxa7 Rxf4 43. Rf7 Kd4 44. Rf6 Rf2+ 45. Kd1 e3 (45... f4 $142 46. Ke1 Rb2 47. Rc6 f3 48. Kf1 e3 49. Rc4+ Ke5 50. Kg1 f2+ 51. Kg2 Rb1 52. Kg3 f1=Q 53. Rc2 e2 54. Rd2 Rxb3+ 55. Rd3 Rxd3+ 56. Kh4 Qh3#) 46. Rxh6 f4 47. Rxb6 f3 48. Ke1 Rb2 49. Rd6+ Ke5 50. Rd3 Rb1+ 51. Rd1 f2+ 52. Ke2 Rxd1 53. Kxd1 f1=Q+ 0-1

[Event "2nd Kalyan Dombivali 2019"]
[Site "Kalyan"]
[Date "2019.02.02"]
[Round "8"]
[White "Isha Pritam Inamdar"]
[Black "Ankur Mahesh Gokhale"]
[Result "0-1"]
[ECO "B78"]
[WhiteElo "1380"]
[BlackElo "1628"]
[Annotator "NA RC"]
[PlyCount "152"]
[EventDate "2019.01.28"]
[EventType "swiss"]
[EventRounds "10"]
[EventCountry "IND"]
[SourceTitle "playchess.com"]
[Source "ChessBase"]
[SourceQuality "1"]
[TimeControl "5400+30"]

1. e4 c5 2. Nf3 d6 3. d4 cxd4 4. Nxd4 Nf6 5. Nc3 g6 6. Be3 Bg7 7. f3 O-O 8. Bc4 Nc6 9. Qd2 Bd7 10. O-O-O Nxd4 11. Bxd4 Rc8 12. Bb3 b5 13. Nd5 Nxd5 14. Bxg7 Kxg7 15. exd5 a5 16. a3 Qb6 17. h4 a4 18. Ba2 Rxc2+ 19. Qxc2 Rc8 20. Qxc8 Bxc8 21. Rd2 b4 22. axb4 Qxb4 23. Rc2 Qf4+ 24. Kd1 Ba6 25. h5 a3 26. hxg6 hxg6 27. bxa3 Qd4+ 28. Kc1 Qa1+ 29. Bb1 Bd3 30. Rb2 Bxb1 31. Rxb1 Qc3+ 32. Kd1 Qd3+ 33. Kc1 Qxa3+ 34. Kc2 Qc5+ 35. Kb2 Qd4+ 36. Kc1 Qxd5 37. Rd1 Qc5+ 38. Kb2 Qf2+ 39. Kc1 Qxg2 40. Rb3 Qg5+ 41. Kc2 d5 42. Rbd3 d4 43. Rxd4 Qg2+ 44. R1d2 Qxf3 45. R4d3 Qf5 46. Kc3 g5 47. Rd5 e5 48. Kc4 Qf4+ 49. Kc3 g4 50. R5d3 e4 51. Rd4 Qf3+ 52. Kc2 g3 53. Rd5 e3 54. R2d3 Qf2+ 55. Kc3 g2 56. Rg5+ Kh6 57. Rxg2 Qxg2 58. Rxe3 Kg6 59. Kd4 Qd2+ 60. Rd3 Qf4+ 61. Kc3 f5 62. Rd4 Qe3+ 63. Rd3 Qc1+ 64. Kd4 Qe1 65. Re3 Qb4+ 66. Kd3 f4 67. Re4 Qb3+ 68. Ke2 Kf5 69. Rd4 Qe3+ 70. Kf1 Qxd4 71. Ke2 Qc3 72. Kf2 Qe3+ 73. Kg2 Kg4 74. Kf1 Qd2 75. Kg1 Kg3 76. Kh1 Qh2# 0-1

[Event "2nd Kalyan Dombivali 2019"]
[Site "Kalyan"]
[Date "2019.02.02"]
[Round "8"]
[White "Shrey Nilkant"]
[Black "Sparsh Khandelwal"]
[Result "0-1"]
[ECO "B23"]
[WhiteElo "1371"]
[BlackElo "1823"]
[Annotator "NA RC"]
[PlyCount "57"]
[EventDate "2019.01.28"]
[EventType "swiss"]
[EventRounds "10"]
[EventCountry "IND"]
[SourceTitle "playchess.com"]
[Source "ChessBase"]
[SourceQuality "1"]
[TimeControl "5400+30"]

1. e4 c5 2. Nc3 g6 3. f4 Bg7 4. Nf3 Nc6 5. Bb5 Nd4 6. O-O a6 7. Be2 d6 8. d3 e6 9. Nxd4 cxd4 10. Nb1 $1 Ne7 11. Nd2 O-O 12. g3 Bd7 13. Bf3 Qc7 14. Rf2 Rfc8 15. Nf1 a5 16. b3 Ra6 17. Qe1 Nc6 18. Bd2 Na7 19. g4 a4 20. Ng3 Nb5 21. e5 d5 (21... dxe5 $17 22. fxe5 Bc6) 22. Bb4 Bf8 23. Bxf8 Rxf8 24. f5 (24. Kg2 $15) 24... Qc3 ({Worse is} 24... gxf5 25. Nh5 $16) (24... axb3 $17 25. cxb3 Rfa8) 25. Qc1 axb3 {[%emt 0:03:03] [#]} 26. Nh5 $1 exf5 ({Worse is} 26... b2 {[#]} 27. Qh6 $3 bxa1=Q+ 28. Rf1 gxh5 29. f6 Qxf1+ {[%mdl 64] Remove Defender} 30. Kxf1 Qa1+ 31. Kg2 Qh1+ 32. Kxh1 hxg4 33. Qg7#) (26... gxh5 $5 27. Qg5+ $8 {[%mdl 64] Double Attack} Kh8 28. Qf6+ Kg8 29. Qg5+ {[%mdl 64] Double Attack} Kh8 30. Qf6+ Kg8 31. Qg5+ $11 {[%mdl 64] Double Attack}) 27. Nf6+ $1 Kg7 $1 28. Nxd5 $19 (28. cxb3 $11 {and White stays safe.} Qxc1+ 29. Rxc1) 28... b2 {[%emt 0:00:09] Double Attack} 29. Nxc3 0-1

[Event "2nd Kalyan Dombivali 2019"]
[Site "Kalyan"]
[Date "2019.02.02"]
[Round "8"]
[White "Lad Mandar Pradip"]
[Black "Shivshankar Iyer S"]
[Result "1-0"]
[ECO "D60"]
[WhiteElo "1364"]
[BlackElo "1619"]
[Annotator "NA RC"]
[PlyCount "71"]
[EventDate "2019.01.28"]
[EventType "swiss"]
[EventRounds "10"]
[EventCountry "IND"]
[SourceTitle "playchess.com"]
[Source "ChessBase"]
[SourceQuality "1"]
[TimeControl "5400+30"]

1. d4 d5 2. c4 e6 3. Nc3 Nf6 4. Bg5 Be7 5. e3 Nbd7 6. Nf3 O-O 7. Bd3 c5 8. O-O cxd4 9. exd4 dxc4 10. Bxc4 b6 11. d5 Nc5 12. Re1 a5 13. Nd4 Bd7 14. dxe6 fxe6 15. Nxe6 Bxe6 16. Bxe6+ Nxe6 17. Rxe6 Bc5 18. Qxd8 Raxd8 19. Bxf6 Rxf6 20. Rxf6 gxf6 21. Rd1 Rxd1+ 22. Nxd1 Kf7 23. Kf1 Ke6 24. Ke2 Ke5 25. Kd3 b5 26. g3 Bd4 27. a3 f5 28. f4+ Kd5 29. Ne3+ Bxe3 30. Kxe3 h5 31. b3 Kc5 32. Kd3 Kd5 33. b4 a4 34. h3 Ke6 35. Kd4 Kd6 36. h4 1-0

[Event "2nd Kalyan Dombivali 2019"]
[Site "Kalyan"]
[Date "2019.02.02"]
[Round "8"]
[White "Pethe Varad"]
[Black "Kshatriya Nitin Vekhande"]
[Result "1/2-1/2"]
[ECO "A52"]
[WhiteElo "1359"]
[BlackElo "1544"]
[Annotator "NA RC"]
[PlyCount "132"]
[EventDate "2019.01.28"]
[EventType "swiss"]
[EventRounds "10"]
[EventCountry "IND"]
[SourceTitle "playchess.com"]
[Source "ChessBase"]
[SourceQuality "1"]
[TimeControl "5400+30"]

1. d4 Nf6 2. c4 e5 3. dxe5 Ng4 4. Nf3 Nc6 5. Bf4 Bb4+ 6. Nc3 Qe7 7. Qd5 f6 8. exf6 Bxc3+ 9. bxc3 Nxf6 10. Qd3 d6 11. e3 O-O 12. Be2 Ne4 13. O-O Bf5 14. Qd5+ Kh8 15. Rac1 Nc5 16. Nd4 Be4 17. Qg5 Qf7 18. Rfd1 Nxd4 19. cxd4 Ne6 20. Qg4 Nxf4 21. exf4 Qxf4 22. Qxf4 Rxf4 23. Bd3 Bxd3 24. Rxd3 Re8 25. g3 Rfe4 26. Rcd1 Re2 27. R3d2 Rxd2 28. Rxd2 Re1+ 29. Kg2 Kg8 30. Rb2 b6 31. c5 Rd1 32. cxb6 cxb6 33. Rb4 Rd2 34. a4 Kf7 35. Kf3 Ke6 36. Ke3 Ra2 37. h4 a5 38. Rxb6 Rxa4 39. Rb7 Kf6 40. Rd7 Ra1 41. Rxd6+ Kf7 42. Ra6 a4 43. d5 a3 44. Kf4 a2 45. f3 Rd1 46. Rxa2 Rxd5 47. Ra7+ Kf6 48. Ra6+ Kf7 49. Ke4 Rb5 50. Rd6 Ra5 51. Rd5 Ra1 52. Kf5 Ra6 53. Rd7+ Kg8 54. f4 h6 55. g4 Kh7 56. Re7 Rf6+ 57. Ke5 Ra6 58. g5 hxg5 59. hxg5 Ra5+ 60. Ke6 Kg6 61. f5+ Rxf5 62. Rxg7+ Kxg7 63. Kxf5 Kf7 64. g6+ Kg7 65. Kg5 Kg8 66. Kh6 Kh8 1/2-1/2

[Event "2nd Kalyan Dombivali 2019"]
[Site "Kalyan"]
[Date "2019.02.02"]
[Round "8"]
[White "Manthan Vijayrao Kale"]
[Black "Awade Pradeep"]
[Result "0-1"]
[ECO "B06"]
[WhiteElo "1228"]
[BlackElo "1538"]
[Annotator "NA"]
[PlyCount "88"]
[EventDate "2019.01.28"]
[EventType "swiss"]
[EventRounds "10"]
[EventCountry "IND"]
[SourceTitle "playchess.com"]
[Source "ChessBase"]
[SourceQuality "1"]
[TimeControl "5400+30"]

1. e4 g6 2. d4 Bg7 3. Nf3 d6 4. Bc4 Nf6 5. Nc3 c6 6. e5 dxe5 7. dxe5 Qxd1+ 8. Kxd1 Ng4 9. Rf1 Nxe5 10. Nxe5 Bxe5 11. Re1 Nd7 12. Ne4 O-O 13. c3 Nb6 14. Bb3 Rd8+ 15. Ke2 Bf5 16. Kf1 Bxe4 17. Rxe4 Bf6 18. Be3 Nd5 19. Bd4 Bxd4 20. Rxd4 Nf6 21. Rad1 Rxd4 22. Rxd4 Kf8 23. Ke2 e6 24. Rd3 Ke7 25. h3 Rd8 26. Re3 Nd5 27. Bxd5 Rxd5 28. g4 Kd6 29. f4 c5 30. h4 h5 31. c4 Rd4 32. gxh5 gxh5 33. Rd3 Rxd3 34. Kxd3 f5 35. a3 b6 36. b3 a6 37. b4 e5 38. Ke3 a5 39. b5 a4 40. Kf3 Ke6 41. Ke3 exf4+ 42. Kxf4 Kf6 43. Kf3 Ke5 44. Ke3 f4+ {[%emt 0:00:03] Kd4+} 0-1

[Event "2nd Kalyan Dombivali 2019"]
[Site "Kalyan"]
[Date "2019.02.02"]
[Round "9"]
[White "Kumar, Gaurav"]
[Black "Snehal, Bhosale"]
[Result "1-0"]
[ECO "C45"]
[WhiteElo "2128"]
[BlackElo "2135"]
[Annotator "NA RC"]
[PlyCount "81"]
[EventDate "2019.01.28"]
[EventType "swiss"]
[EventRounds "10"]
[EventCountry "IND"]
[SourceTitle "playchess.com"]
[Source "ChessBase"]
[SourceQuality "1"]
[TimeControl "5400+30"]

1. e4 e5 2. Nf3 Nc6 3. d4 exd4 4. Nxd4 Bc5 5. Nxc6 bxc6 6. Bd3 Qh4 {[%emt 0:08:14] C45: Scotch Game} 7. Qe2 Ne7 8. Be3 $146 ({Predecessor:} 8. Nc3 O-O 9. Be3 Bb6 10. O-O d5 11. exd5 Nxd5 12. Bd2 Bd4 13. Rae1 Nb4 14. Qe4 Qxe4 15. Bxe4 {1-0 (27) Carlsen,M (2821)-Caruana,F (2711) Biel 2011}) 8... Bxe3 9. Qxe3 O-O 10. Nd2 d6 11. O-O Qf6 12. e5 dxe5 13. Ne4 Qg6 14. Ng3 Qd6 15. Rfe1 f6 16. f4 exf4 17. Qxe7 fxg3 18. Bc4+ Kh8 19. Rad1 gxh2+ 20. Kh1 Qxe7 21. Rxe7 Bg4 22. Rd4 Bf5 23. Bd3 Bxd3 24. Rxd3 Rad8 25. Rxd8 Rxd8 26. Rxc7 h5 27. Rxc6 Kh7 28. Kxh2 Kh6 29. b4 Rd4 30. c3 Rf4 (30... Rd2 $11) 31. Ra6 g5 $2 (31... Rh4+ $11 {and Black is okay.} 32. Kg1 Rc4) 32. Rxa7 h4 $2 (32... Rf1 $16) 33. Kg1 $2 ({White must play} 33. b5 $18 g4 34. b6) 33... g4 34. Rd7 g3 $1 35. Rd1 Rf2 $1 36. Rb1 Kg5 $2 (36... f5 $11) 37. b5 Kg4 38. b6 h3 39. Rb4+ Kg5 40. gxh3 Rxa2 41. b7 1-0

[Event "2nd Kalyan Dombivali 2019"]
[Site "Kalyan"]
[Date "2019.02.02"]
[Round "9"]
[White "Ahmed, Feroz"]
[Black "Kasar Prashant"]
[Result "1-0"]
[ECO "A10"]
[WhiteElo "1919"]
[BlackElo "1495"]
[Annotator "NA RC"]
[PlyCount "55"]
[EventDate "2019.01.28"]
[EventType "swiss"]
[EventRounds "10"]
[EventCountry "IND"]
[SourceTitle "playchess.com"]
[Source "ChessBase"]
[SourceQuality "1"]
[TimeControl "5400+30"]

1. c4 g6 2. g3 Bg7 3. d4 d6 4. Bg2 c6 5. e4 Nf6 6. Nc3 O-O 7. Nge2 e5 8. O-O Re8 9. h3 Nbd7 10. d5 c5 11. f4 Nb6 12. Qd3 exf4 13. gxf4 Nh5 14. Bd2 f5 15. Kh2 (15. b3 $11 {keeps the balance.}) 15... fxe4 16. Bxe4 Qf6 17. Rg1 Kh8 {[%emt 0:07:46] [#]} 18. b3 (18. Rg5 $1 $16) 18... Qh4 19. Raf1 Bh6 $2 (19... Nf6 $11 {and Black is okay.} 20. Qg3 Qxh3+ 21. Qxh3 Bxh3 22. Kxh3 Nxe4 23. Nxe4 Rxe4) 20. Rf3 Rf8 21. Be1 Qe7 22. Bxg6 Nxf4 23. Nxf4 Bxf4+ {[%emt 0:00:02] [#]} 24. Rxf4 $1 Rxf4 25. Ne2 Bf5 26. Bc3+ Rd4 27. Bxd4+ cxd4 28. Qxd4+ {[%emt 0:00:10] Bc8 Qd3 hxg6} 1-0

[Event "2nd Kalyan Dombivali 2019"]
[Site "Kalyan"]
[Date "2019.02.02"]
[Round "9"]
[White "Vijay, Anand M."]
[Black "Akshit Jha"]
[Result "1-0"]
[ECO "C15"]
[WhiteElo "1841"]
[BlackElo "1604"]
[Annotator "NA RC"]
[PlyCount "41"]
[EventDate "2019.01.28"]
[EventType "swiss"]
[EventRounds "10"]
[EventCountry "IND"]
[SourceTitle "playchess.com"]
[Source "ChessBase"]
[SourceQuality "1"]
[TimeControl "5400+30"]

1. e4 e6 2. d4 d5 3. Nc3 Bb4 4. exd5 exd5 5. Bd3 Nf6 6. Bg5 O-O 7. Nge2 c6 8. O-O Bg4 9. f3 Bh5 10. Ng3 Bg6 11. Bxg6 hxg6 12. f4 Bxc3 13. bxc3 Nbd7 14. f5 Qa5 15. fxg6 fxg6 16. Qd3 Kh7 17. Rf4 Ne4 18. Nxe4 dxe4 19. Qh3+ Kg8 20. Qe6+ Kh7 21. Rh4# 1-0

[Event "2nd Kalyan Dombivali 2019"]
[Site "Kalyan"]
[Date "2019.02.02"]
[Round "9"]
[White "Sparsh Khandelwal"]
[Black "Lad Mandar Pradip"]
[Result "1-0"]
[ECO "B22"]
[WhiteElo "1823"]
[BlackElo "1364"]
[Annotator "NA RC"]
[PlyCount "73"]
[EventDate "2019.01.28"]
[EventType "swiss"]
[EventRounds "10"]
[EventCountry "IND"]
[SourceTitle "playchess.com"]
[Source "ChessBase"]
[SourceQuality "1"]
[TimeControl "5400+30"]

1. e4 c5 2. c3 d5 3. exd5 Qxd5 4. d4 cxd4 5. cxd4 e5 6. Nc3 Qxd4 7. Qxd4 exd4 8. Nb5 Na6 9. Nxd4 Bd7 10. Ngf3 Nf6 11. Bd2 (11. Bxa6 $14 bxa6 12. O-O) 11... Be7 12. Bc4 Rc8 13. Ne5 O-O 14. O-O Bd6 15. Nxd7 Nxd7 16. Bxa6 bxa6 {[%emt 0:00:12] [#]} 17. Nf5 $1 Rc2 18. Rfd1 $16 Bc5 19. b4 Bb6 20. a4 Ne5 21. a5 Bc7 22. Ne3 Rc6 23. Nd5 Re8 24. Be3 Ng4 25. Bf4 Bxf4 26. Ne7+ Kf8 27. Nxc6 Bxh2+ 28. Kf1 Bf4 29. Rd4 Nh2+ 30. Kg1 g5 31. Rxf4 gxf4 32. Kxh2 Re6 33. Rc1 Kg7 34. Nxa7 Re7 35. Nc6 Re2 36. f3 Re6 37. b5 1-0